Ice Dragons vs River Frogs
Created - November 14, 2020 at 20:15
Goals
|
| Ice Dragons |
3 |
0 |
3 |
6 |
| River Frogs |
1 |
0 |
2 |
3 |
|
Shots
|
| Ice Dragons |
8 |
17 |
6 |
31 |
| River Frogs |
14 |
7 |
12 |
33 |
|
1st period
1. Ice Dragons , Billy Sweat 5 (Kevin Connauton 9, Justin Shugg 2) at 3:04
2. Ice Dragons , Sam Carrick 3 (Billy Sweat 7) at 4:02
3. Ice Dragons , Logan MacMillan 3 (Emil Pettersson 7) at 7:26
4. River Frogs , Bobby Farnham 2 (Ryan Fitzgerald 5, Justin Florek 3) at 14:03
Penalties :
Sam Carrick (Kin) for Holding (Minor) at 4:58, Zach Trotman (Kin) for Holding (Minor) at 15:01, Chet Pickard (Kin) for Slashing (Minor) at 15:56 - Jordan LaVallee served the penalty, Logan MacMillan (Kin) for Hooking (Minor) at 19:09
2nd period
No Goal
Penalties :
Dominik Simon (Lou) for Interference (Minor) at 2:13, Aaron Ness (Lou) for Charging (Minor) at 15:34, Timothy Kunes (Lou) for Roughing (Minor) at 18:46
3rd period
5. Ice Dragons , Corban Knight 8 (Kevin Connauton 10) at 0:10 (PP)
6. Ice Dragons , Jordan LaVallee 12 (Corban Knight 13) at 1:34 (PP)
7. River Frogs , Emerson Etem 9 (Andrew Gordon 11, Shea Theodore 5) at 3:20
8. Ice Dragons , Billy Sweat 6 (Justin Shugg 3) at 8:01
9. River Frogs , Jared Knight 3 (Ondrej Kase 7, Matt Calvert 6) at 17:31
Penalties :
Andrew Gordon (Lou) for Holding (Minor) at 0:54, Alex Plante (Kin) for Goalie Interference (Minor) at 11:12, Timothy Kunes (Lou) for Holding Stick (Minor) at 14:23, Corban Knight (Kin) for Hooking (Minor) at 17:34
Goalie Stats
Chet Pickard (Kin), 30 saves from 33 shots - (0.909), W, 6-3-0, 60:00 minutes
Thomas Greiss (Lou), 25 saves from 31 shots - (0.806), L, 5-6-0, 60:00 minutes
Players Stats for Ice Dragons
Player Name G A P +/- PIM S H SB GA TA FO MP PP MP PK MP
------------------------------------------------------------------------------------
Adam Clendening 0 0 0 1 0 0 1 0 0 0 0/0 16:30 2:43 1:04
Alex Plante 0 0 0 1 2 1 2 1 0 0 0/0 17:58 2:43 3:20
Billy Sweat 2 1 3 2 0 6 2 0 0 0 1/1 17:04 3:14 2:12
Brandon Kozun 0 0 0 -1 0 1 0 1 0 1 0/2 18:36 4:44 0:00
Chris Wagner 0 0 0 1 0 0 1 0 0 0 0/0 9:35 0:03 0:00
Corban Knight 1 1 2 -1 2 4 1 0 0 0 27/53 24:18 4:44 5:30
David Shields 0 0 0 0 0 1 0 1 0 1 0/0 15:53 0:00 5:46
Emil Pettersson 0 1 1 1 0 0 0 0 1 0 4/6 11:39 0:00 2:00
Jerome Gauthier-Leduc 0 0 0 0 0 0 0 2 0 0 0/0 11:22 0:00 0:06
Jordan LaVallee 1 0 1 -1 0 7 2 0 2 1 0/0 24:23 4:44 5:39
Juho Lammikko 0 0 0 -1 0 0 0 0 0 0 0/0 5:46 0:00 0:00
Justin Shugg 0 2 2 2 0 0 1 1 0 0 0/0 14:52 3:14 0:00
Kevin Connauton 0 2 2 0 0 3 2 2 1 0 0/0 29:45 5:18 6:52
Logan MacMillan 1 0 1 1 2 5 0 0 0 0 1/1 10:06 0:03 0:18
Sam Carrick 1 0 1 2 2 2 2 1 0 0 5/11 16:44 3:14 1:53
Theodor Blueger 0 0 0 -1 0 0 0 0 0 1 1/3 7:17 0:00 1:17
William Carrier 0 0 0 -1 0 0 0 0 0 0 0/0 7:34 0:03 1:45
Zach Trotman 0 0 0 0 2 1 0 4 0 0 0/0 28:39 5:18 4:34
Players Stats for River Frogs
Player Name G A P +/- PIM S H SB GA TA FO MP PP MP PK MP
------------------------------------------------------------------------------------
Aaron Ness 0 0 0 -1 2 1 0 0 0 0 0/0 7:58 0:00 0:00
Andrew Gordon 0 1 1 1 2 6 1 0 0 2 1/1 23:47 6:09 4:12
Austin Watson 0 0 0 0 0 0 3 0 0 0 0/1 5:53 0:00 0:00
Beau Starrett 0 0 0 0 0 0 0 0 0 0 0/0 0:00 0:00 0:00
Bobby Farnham 1 0 1 -2 0 1 2 0 0 0 0/0 8:24 0:00 0:00
David Kolomatis 0 0 0 -1 0 0 1 0 0 1 0/0 10:20 0:00 2:39
Dillon Heatherington 0 0 0 2 0 0 0 0 0 0 0/0 3:50 0:00 0:00
Dominik Simon 0 0 0 1 2 0 2 0 0 0 17/39 20:48 6:09 0:14
Emerson Etem 1 0 1 1 0 4 1 0 1 0 6/10 24:48 6:09 4:54
Francis Perron 0 0 0 0 0 1 0 0 0 0 0/0 3:05 0:00 1:44
Jared Knight 1 0 1 0 0 4 2 0 0 0 9/15 16:52 4:41 0:07
Joakim Nordstrom 0 0 0 0 0 0 0 0 0 0 0/0 1:40 0:00 0:37
Justin Florek 0 1 1 -2 0 3 0 0 0 0 0/0 10:31 0:00 2:07
Matt Calvert 0 1 1 0 0 1 1 0 0 1 3/3 18:52 4:41 2:07
Matt Grzelcyk 0 0 0 2 0 0 0 0 0 0 0/0 3:50 0:00 0:00
Maxim Mamin 0 0 0 0 0 1 0 0 0 0 0/2 5:53 0:00 0:00
Mitch Marner 0 0 0 0 0 1 1 0 0 0 0/0 5:53 0:00 0:00
Morgan Rielly 0 0 0 -1 0 1 1 0 0 0 0/0 20:23 4:00 2:52
Nikita Zadorov 0 0 0 -1 0 1 1 3 1 0 0/0 28:06 6:50 5:09
Ondrej Kase 0 1 1 0 0 5 0 1 0 0 0/0 16:45 4:41 0:00
Richard Nejezchleb 0 0 0 0 0 0 0 0 0 0 0/0 0:00 0:00 0:00
Ryan Fitzgerald 0 1 1 -2 0 0 3 0 0 0 2/6 8:24 0:00 0:00
Shea Theodore 0 1 1 -1 0 2 0 1 1 0 0/0 20:23 4:00 2:52
Timothy Kunes 0 0 0 -1 4 1 4 0 1 0 0/0 25:29 6:50 2:30
3 Stars
1 - Billy Sweat (Kin)
2 - Justin Shugg (Kin)
3 - Sam Carrick (Kin)
Power Play
Ice Dragons - 2 on 5 Attempt(s) - 40.00%
River Frogs - 0 on 6 Attempt(s) - 0.00%
Penalty Kill
Ice Dragons - 6 on 6 Attempt(s) - 100.00%
- Score 0 goal in Penalty Kill
River Frogs - 3 on 5 Attempt(s) - 60.00%
- Score 0 goal in Penalty Kill
Team Stat
Ice Dragons - Hits : 14 - Faceoff Wins : 39 - Blocked Shots : 13 - Penalty Minutes : 12
River Frogs - Hits : 23 - Faceoff Wins : 38 - Blocked Shots : 5 - Penalty Minutes : 10
Official
Referees : Unknown
Linesman : Unknown
Game Notes
No Game Note
Finance
Level 1 -- Attendance: 1396 (69.80%) -- Ticket Income $55,840
Level 2 -- Attendance: 657 (65.70%) -- Ticket Income $13,140
Total Attendance: 2053 (68.43%)
Total Ticket Income: $68,980
Other Income: $3,449
Total Income: $72,429
Ice Dragons
5 vs 5 Forward
Center Left Wing Right Wing Time % Phy DF OF
1 Corban Knight Jordan LaVallee Brandon Kozun 40 1 2 2
2 Sam Carrick Billy Sweat Justin Shugg 30 1 2 2
3 Emil Pettersson Logan MacMillan Chris Wagner 20 1 2 2
4 Theodor Blueger William Carrier Juho Lammikko 10 1 2 2
5 vs 5 Defense
Defense Defense Time % Phy DF OF
1 Kevin Connauton Zach Trotman 40 1 2 2
2 Adam Clendening Alex Plante 30 1 2 2
3 Jerome Gauthier-Leduc David Shields 20 1 2 2
4 Kevin Connauton Zach Trotman 10 1 2 2
PowerPlay Forward
Center Left Wing Right Wing Time % Phy DF OF
1 Corban Knight Jordan LaVallee Brandon Kozun 60 1 2 2
2 Sam Carrick Billy Sweat Justin Shugg 40 1 2 2
PowerPlay Defense
Defense Defense Time % Phy DF OF
1 Kevin Connauton Zach Trotman 60 1 2 2
2 Adam Clendening Alex Plante 40 1 2 2
Penalty Kill 4 Players Forward
Center Wing Time % Phy DF OF
1 Corban Knight Jordan LaVallee 60 1 2 2
2 Billy Sweat Sam Carrick 40 1 2 2
Penalty Kill 4 Players Defense
Defense Defense Time % Phy DF OF
1 Kevin Connauton Zach Trotman 60 1 2 2
2 David Shields Alex Plante 40 1 2 2
Penalty Kill - 3 Players Forward
Forward Time % Phy DF OF
1 Corban Knight 60 1 2 2
2 Jordan LaVallee 40 1 2 2
Penalty Kill - 3 Players Defense
Defense Defense Time % Phy DF OF
1 Kevin Connauton Zach Trotman 60 1 2 2
2 David Shields Alex Plante 40 1 2 2
4 vs 4 Forward
Center Wing Time % Phy DF OF
1 Corban Knight Jordan LaVallee 60 1 2 2
2 Billy Sweat Sam Carrick 40 1 2 2
4 vs 4 Defense
Defense Defense Time % Phy DF OF
1 Kevin Connauton Zach Trotman 60 1 2 2
2 David Shields Alex Plante 40 1 2 2
Last Minutes Offensive
Center Left Wing Right Wing Defense Defense
Corban Knight Jordan LaVallee Brandon Kozun Kevin Connauton Zach Trotman
Last Minutes Defensive
Center Left Wing Right Wing Defense Defense
Corban Knight Jordan LaVallee Brandon Kozun Kevin Connauton Zach Trotman
Goaltenders
Starting : Chet Pickard
Backup : Joacim Eriksson
Extra Forwards
Normal : Logan MacMillan, William Carrier, Emil Pettersson - PP : Logan MacMillan, William Carrier - PK : Emil Pettersson
Extra Defensemen
Normal : Jerome Gauthier-Leduc, David Shields, Kevin Connauton - PP : Jerome Gauthier-Leduc - PK : David Shields, Kevin Connauton
Penalty Shots
Corban Knight, Jordan LaVallee, Billy Sweat, Sam Carrick, Logan MacMillan
Scratches
Thomas Gobeil (Healthy), Alex Henriksson (Healthy), Cole Ully (Healthy), Mario Lucia (Healthy), Phil Di Giuseppe (Healthy)
Robin Norell (Upper Body Injury), Samuel Groulx (Bruised Left Leg Injury), Oscar Dansk (Healthy)
River Frogs
5 vs 5 Forward
Center Left Wing Right Wing Time % Phy DF OF
1 Dominik Simon Emerson Etem Andrew Gordon 40 1 2 2
2 Jared Knight Matt Calvert Ondrej Kase 30 1 2 2
3 Ryan Fitzgerald Justin Florek Bobby Farnham 20 1 2 2
4 Maxim Mamin Austin Watson Mitch Marner 10 1 2 2
5 vs 5 Defense
Defense Defense Time % Phy DF OF
1 Nikita Zadorov Timothy Kunes 40 1 2 2
2 Morgan Rielly Shea Theodore 30 1 2 2
3 Aaron Ness David Kolomatis 20 1 2 2
4 Dillon Heatherington Matt Grzelcyk 10 1 2 2
PowerPlay Forward
Center Left Wing Right Wing Time % Phy DF OF
1 Dominik Simon Emerson Etem Andrew Gordon 60 1 2 2
2 Jared Knight Matt Calvert Ondrej Kase 40 1 2 2
PowerPlay Defense
Defense Defense Time % Phy DF OF
1 Nikita Zadorov Timothy Kunes 60 1 2 2
2 Morgan Rielly Shea Theodore 40 1 2 2
Penalty Kill 4 Players Forward
Center Wing Time % Phy DF OF
1 Emerson Etem Andrew Gordon 60 1 2 2
2 Matt Calvert Justin Florek 40 1 2 2
Penalty Kill 4 Players Defense
Defense Defense Time % Phy DF OF
1 Nikita Zadorov Timothy Kunes 60 1 2 2
2 Morgan Rielly Shea Theodore 40 1 2 2
Penalty Kill - 3 Players Forward
Forward Time % Phy DF OF
1 Emerson Etem 60 1 2 2
2 Andrew Gordon 40 1 2 2
Penalty Kill - 3 Players Defense
Defense Defense Time % Phy DF OF
1 Nikita Zadorov Timothy Kunes 60 1 2 2
2 Morgan Rielly Shea Theodore 40 1 2 2
4 vs 4 Forward
Center Wing Time % Phy DF OF
1 Emerson Etem Andrew Gordon 60 1 2 2
2 Matt Calvert Justin Florek 40 1 2 2
4 vs 4 Defense
Defense Defense Time % Phy DF OF
1 Nikita Zadorov Timothy Kunes 60 1 2 2
2 Morgan Rielly Shea Theodore 40 1 2 2
Last Minutes Offensive
Center Left Wing Right Wing Defense Defense
Dominik Simon Emerson Etem Andrew Gordon Nikita Zadorov Timothy Kunes
Last Minutes Defensive
Center Left Wing Right Wing Defense Defense
Dominik Simon Emerson Etem Andrew Gordon Nikita Zadorov Timothy Kunes
Goaltenders
Starting : Thomas Greiss
Backup : Eric Comrie
Extra Forwards
Normal : Joakim Nordstrom, Richard Nejezchleb, Francis Perron - PP : Joakim Nordstrom, Richard Nejezchleb - PK : Francis Perron
Extra Defensemen
Normal : Aaron Ness, David Kolomatis, Dillon Heatherington - PP : Aaron Ness - PK : David Kolomatis, Dillon Heatherington
Penalty Shots
Emerson Etem, Andrew Gordon, Matt Calvert, Justin Florek, Ondrej Kase
Scratches
Christian Hanson (Suspend), Cameron Hughes (Healthy), Phoenix Copley (Healthy)
% Time on Ice - Ice Dragons
Lines # - Real PCT - Wanted PCT - Time Play
Normal Forward
1 - 35% - 40% - 14:13
2 - 28% - 30% - 11:38
3 - 23% - 20% - 9:32
4 - 14% - 10% - 5:46
Normal Defense
1 - 42% - 40% - 17:28
2 - 30% - 30% - 12:18
3 - 23% - 20% - 9:37
4 - 4% - 10% - 1:46
PP Forward
1 - 60% - 60% - 4:47
2 - 40% - 40% - 3:14
PP Defense
1 - 66% - 60% - 5:18
2 - 34% - 40% - 2:43
PK Forward
1 - 77% - 60% - 7:34
2 - 23% - 40% - 2:12
PK Defense
1 - 58% - 60% - 5:38
2 - 42% - 40% - 4:08
PK3 Forward
1 - 64% - 60% - 0:41
2 - 36% - 40% - 0:23
PK3 Defense
1 - 100% - 60% - 1:04
2 - 0% - 40% - 0:00
44 Forward
1 - 0% - 60%
2 - 0% - 40%
44 Defense
1 - 0% - 60%
2 - 0% - 40%
Last Minute Offensive - 0:00
Last Minute Defensive - 0:00
Total
Forward - 60:00
Defense - 60:00
|
% Time on Ice - River Frogs
Lines # - Real PCT - Wanted PCT - Time Play
Normal Forward
1 - 36% - 40% - 14:48
2 - 29% - 30% - 12:04
3 - 20% - 20% - 8:24
4 - 14% - 10% - 5:53
Normal Defense
1 - 39% - 40% - 16:07
2 - 33% - 30% - 13:31
3 - 19% - 20% - 7:41
4 - 9% - 10% - 3:50
PP Forward
1 - 57% - 60% - 6:09
2 - 43% - 40% - 4:41
PP Defense
1 - 63% - 60% - 6:50
2 - 37% - 40% - 4:00
PK Forward
1 - 74% - 60% - 5:54
2 - 26% - 40% - 2:07
PK Defense
1 - 64% - 60% - 5:09
2 - 36% - 40% - 2:52
PK3 Forward
1 - 0% - 60%
2 - 0% - 40%
PK3 Defense
1 - 0% - 60%
2 - 0% - 40%
44 Forward
1 - 0% - 60%
2 - 0% - 40%
44 Defense
1 - 0% - 60%
2 - 0% - 40%
Last Minute Offensive - 0:00
Last Minute Defensive - 0:00
Total
Forward - 60:00
Defense - 60:00
|
Play-by-Play
1st period
0:01 of 1st period - Dominik Simon wins face-off versus Corban Knight in neutral zone.
0:32 of 1st period - Nikita Zadorov is hit by Alex Plante and loses puck.
1:25 of 1st period - Icing by Jordan LaVallee.
1:26 of 1st period - Dominik Simon wins face-off versus Sam Carrick in Ice Dragons zone.
1:35 of 1st period - Snap shot by Andrew Gordon.
1:35 of 1st period - Stopped by Chet Pickard without a rebound.
1:36 of 1st period - Jared Knight wins face-off versus Corban Knight in Ice Dragons zone.
2:01 of 1st period - Andrew Gordon is hit by Chris Wagner and loses puck.
2:22 of 1st period - Billy Sweat is hit by Ryan Fitzgerald and loses puck.
2:29 of 1st period - Slapshot by Justin Florek.
2:29 of 1st period - Stopped by Chet Pickard without a rebound.
2:30 of 1st period - Jared Knight wins face-off versus Corban Knight in Ice Dragons zone.
2:33 of 1st period - Snap shot by Ondrej Kase.
2:33 of 1st period - Shot Misses the Net.
2:43 of 1st period - Slapshot by Shea Theodore.
2:43 of 1st period - Shot Blocked by David Shields.
3:04 of 1st period - Backhand shot by Kevin Connauton.
3:04 of 1st period - Deflect By Billy Sweat.
3:04 of 1st period - Goal by Billy Sweat - Ice Dragons : 1 - River Frogs : 0.
3:05 of 1st period - Dominik Simon wins face-off versus Corban Knight in neutral zone.
3:08 of 1st period - Wrist shot by Emerson Etem.
3:08 of 1st period - Stopped by Chet Pickard with a rebound.
3:10 of 1st period - Slapshot by Andrew Gordon.
3:10 of 1st period - Shot Misses the Net.
3:12 of 1st period - Snap shot by Andrew Gordon.
3:12 of 1st period - Stopped by Chet Pickard with a rebound.
3:37 of 1st period - Zach Trotman is hit by Mitch Marner and loses puck.
4:02 of 1st period - Slapshot by Sam Carrick.
4:02 of 1st period - Goal by Sam Carrick - Ice Dragons : 2 - River Frogs : 0.
4:03 of 1st period - Corban Knight wins face-off versus Dominik Simon in neutral zone.
4:12 of 1st period - Wrist shot by Brandon Kozun.
4:12 of 1st period - Shot Misses the Net.
4:30 of 1st period - Juho Lammikko is hit by Bobby Farnham and loses puck.
4:53 of 1st period - Slapshot by Matt Calvert.
4:53 of 1st period - Shot Blocked by Jerome Gauthier-Leduc.
4:58 of 1st period - Minor Penalty to Sam Carrick for Holding.
4:59 of 1st period - Corban Knight wins face-off versus Dominik Simon in Ice Dragons zone.
6:58 of 1st period - Penalty to Sam Carrick is over, Sam Carrick is back on ice.
7:14 of 1st period - Snap shot by Logan MacMillan.
7:14 of 1st period - Stopped by Thomas Greiss without a rebound.
7:15 of 1st period - Emil Pettersson wins face-off versus Ryan Fitzgerald in River Frogs zone.
7:26 of 1st period - Snap shot by Logan MacMillan.
7:26 of 1st period - Goal by Logan MacMillan - Ice Dragons : 3 - River Frogs : 0.
7:27 of 1st period - Corban Knight wins face-off versus Emerson Etem in neutral zone.
8:04 of 1st period - Backhand shot by Matt Calvert.
8:04 of 1st period - Stopped by Chet Pickard without a rebound.
8:05 of 1st period - Dominik Simon wins face-off versus Corban Knight in Ice Dragons zone.
8:08 of 1st period - Slapshot by Dominik Simon.
8:08 of 1st period - Deflect By Andrew Gordon.
8:08 of 1st period - Stopped by Chet Pickard with a rebound.
8:10 of 1st period - Slapshot by Emerson Etem.
8:10 of 1st period - Shot Misses the Net.
8:12 of 1st period - Slapshot by Andrew Gordon.
8:12 of 1st period - Shot Blocked by Zach Trotman.
8:14 of 1st period - Slapshot by Emerson Etem.
8:14 of 1st period - Shot Blocked by Kevin Connauton.
8:18 of 1st period - Wrist shot by Emerson Etem.
8:18 of 1st period - Shot Misses the Net.
8:30 of 1st period - Slapshot by Justin Florek.
8:30 of 1st period - Shot Blocked by Zach Trotman.
8:42 of 1st period - Wrist shot by Billy Sweat.
8:42 of 1st period - Stopped by Thomas Greiss with a rebound.
8:52 of 1st period - Alex Plante is hit by Jared Knight and loses puck.
9:01 of 1st period - Slapshot by Jared Knight.
9:01 of 1st period - Stopped by Chet Pickard with a rebound.
9:03 of 1st period - Snap shot by Ondrej Kase.
9:03 of 1st period - Stopped by Chet Pickard without a rebound.
9:04 of 1st period - Corban Knight wins face-off versus Dominik Simon in Ice Dragons zone.
9:20 of 1st period - Off-side.
9:21 of 1st period - Jared Knight wins face-off versus Sam Carrick in neutral zone.
9:24 of 1st period - Snap shot by Ondrej Kase.
9:24 of 1st period - Stopped by Chet Pickard with a rebound.
9:34 of 1st period - Matt Calvert is hit by Sam Carrick and loses puck.
9:57 of 1st period - Off-side.
9:58 of 1st period - Dominik Simon wins face-off versus Corban Knight in neutral zone.
10:01 of 1st period - Alex Plante is hit by Dominik Simon and loses puck.
10:52 of 1st period - Nikita Zadorov is hit by Corban Knight and loses puck.
11:42 of 1st period - Snap shot by Jordan LaVallee.
11:42 of 1st period - Stopped by Thomas Greiss without a rebound.
11:43 of 1st period - Jared Knight wins face-off versus Sam Carrick in River Frogs zone.
11:43 of 1st period - Jared Knight is hit by Sam Carrick.
11:51 of 1st period - Slapshot by Jared Knight.
11:51 of 1st period - Shot Misses the Net.
12:09 of 1st period - Zach Trotman is hit by Ryan Fitzgerald.
12:33 of 1st period - Alex Plante is hit by Austin Watson.
12:53 of 1st period - Jared Knight is hit by Alex Plante and loses puck.
13:02 of 1st period - Ondrej Kase is hit by Billy Sweat and loses puck.
13:57 of 1st period - Snap shot by Justin Florek.
13:57 of 1st period - Stopped by Chet Pickard without a rebound.
13:58 of 1st period - Ryan Fitzgerald wins face-off versus Theodor Blueger in Ice Dragons zone.
14:01 of 1st period - Wrist shot by Ryan Fitzgerald.
14:01 of 1st period - Shot Blocked by Alex Plante.
14:03 of 1st period - Wrist shot by Bobby Farnham.
14:03 of 1st period - Goal by Bobby Farnham - Ice Dragons : 3 - River Frogs : 1.
14:04 of 1st period - Corban Knight wins face-off versus Dominik Simon in neutral zone.
14:07 of 1st period - Wrist shot by Jordan LaVallee.
14:07 of 1st period - Stopped by Thomas Greiss without a rebound.
14:08 of 1st period - Corban Knight wins face-off versus Dominik Simon in River Frogs zone.
14:19 of 1st period - Jordan LaVallee is hit by Morgan Rielly and loses puck.
15:01 of 1st period - Minor Penalty to Zach Trotman for Holding.
15:02 of 1st period - Corban Knight wins face-off versus Dominik Simon in Ice Dragons zone.
15:13 of 1st period - Jordan LaVallee is hit by Timothy Kunes and loses puck.
15:52 of 1st period - Snap shot by Andrew Gordon.
15:52 of 1st period - Stopped by Chet Pickard without a rebound.
15:53 of 1st period - Dominik Simon wins face-off versus Corban Knight in Ice Dragons zone.
15:56 of 1st period - Wrist shot by Andrew Gordon.
15:56 of 1st period - Stopped by Chet Pickard without a rebound.
15:56 of 1st period - Minor Penalty to Chet Pickard for Slashing.
15:57 of 1st period - Dominik Simon wins face-off versus Corban Knight in Ice Dragons zone.
17:01 of 1st period - Penalty to Zach Trotman is over, Zach Trotman is back on ice.
17:56 of 1st period - Penalty to Jordan LaVallee is over, Jordan LaVallee is back on ice.
18:02 of 1st period - Billy Sweat is hit by Bobby Farnham and loses puck.
18:23 of 1st period - Snap shot by Maxim Mamin.
18:23 of 1st period - Stopped by Chet Pickard with a rebound.
18:25 of 1st period - Snap shot by Aaron Ness.
18:25 of 1st period - Shot Misses the Net.
18:30 of 1st period - Icing by Jerome Gauthier-Leduc.
18:31 of 1st period - Emil Pettersson wins face-off versus Maxim Mamin in Ice Dragons zone.
19:09 of 1st period - Minor Penalty to Logan MacMillan for Hooking.
19:10 of 1st period - Dominik Simon wins face-off versus Corban Knight in Ice Dragons zone.
19:47 of 1st period - Wrist shot by Billy Sweat.
19:47 of 1st period - Stopped by Thomas Greiss with a rebound.
Goals for this period are 3 for Ice Dragons vs 1 for River Frogs.
Shots for this period are 8 for Ice Dragons vs 14 for River Frogs.
2nd period
0:01 of 2nd period - Dominik Simon wins face-off versus Corban Knight in neutral zone.
0:18 of 2nd period - Zach Trotman is hit by Timothy Kunes and loses puck.
0:28 of 2nd period - Off-side.
0:29 of 2nd period - Billy Sweat wins face-off versus Jared Knight in neutral zone.
0:34 of 2nd period - Ondrej Kase is hit by Billy Sweat and loses puck.
0:40 of 2nd period - Off-side.
0:41 of 2nd period - Corban Knight wins face-off versus Dominik Simon in neutral zone.
0:46 of 2nd period - Snap shot by Jordan LaVallee.
0:46 of 2nd period - Stopped by Thomas Greiss without a rebound.
0:47 of 2nd period - Dominik Simon wins face-off versus Corban Knight in River Frogs zone.
1:00 of 2nd period - Wrist shot by Andrew Gordon.
1:00 of 2nd period - Stopped by Chet Pickard with a rebound.
1:09 of 2nd period - Penalty to Logan MacMillan is over, Logan MacMillan is back on ice.
1:45 of 2nd period - Slapshot by Morgan Rielly.
1:45 of 2nd period - Shot Misses the Net.
1:57 of 2nd period - Slapshot by Kevin Connauton.
1:57 of 2nd period - Shot Hit the Post.
1:59 of 2nd period - Slapshot by Kevin Connauton.
1:59 of 2nd period - Stopped by Thomas Greiss with a rebound.
2:13 of 2nd period - Minor Penalty to Dominik Simon for Interference.
2:14 of 2nd period - Emerson Etem wins face-off versus Brandon Kozun in River Frogs zone.
3:05 of 2nd period - Morgan Rielly is hit by Justin Shugg.
3:09 of 2nd period - Slapshot by Shea Theodore.
3:09 of 2nd period - Shot Blocked by Zach Trotman.
4:13 of 2nd period - Penalty to Dominik Simon is over, Dominik Simon is back on ice.
4:27 of 2nd period - Wrist shot by Francis Perron.
4:27 of 2nd period - Stopped by Chet Pickard with a rebound.
5:15 of 2nd period - Slapshot by Aaron Ness.
5:15 of 2nd period - Stopped by Chet Pickard without a rebound.
5:16 of 2nd period - Corban Knight wins face-off versus Jared Knight in Ice Dragons zone.
5:23 of 2nd period - Wrist shot by Ondrej Kase.
5:23 of 2nd period - Stopped by Chet Pickard with a rebound.
5:25 of 2nd period - Wrist shot by Jared Knight.
5:25 of 2nd period - Shot Blocked by Brandon Kozun.
6:45 of 2nd period - Snap shot by Justin Florek.
6:45 of 2nd period - Shot Misses the Net.
6:47 of 2nd period - Slapshot by Timothy Kunes.
6:47 of 2nd period - Stopped by Chet Pickard without a rebound.
6:48 of 2nd period - Sam Carrick wins face-off versus Ryan Fitzgerald in Ice Dragons zone.
7:04 of 2nd period - Wrist shot by Aaron Ness.
7:04 of 2nd period - Shot Blocked by Zach Trotman.
7:11 of 2nd period - Icing by Zach Trotman.
7:12 of 2nd period - Dominik Simon wins face-off versus Sam Carrick in Ice Dragons zone.
7:46 of 2nd period - Off-side.
7:47 of 2nd period - Corban Knight wins face-off versus Jared Knight in neutral zone.
7:50 of 2nd period - Jared Knight is hit by Adam Clendening and loses puck.
8:01 of 2nd period - Snap shot by Jordan LaVallee.
8:01 of 2nd period - Shot Misses the Net.
8:03 of 2nd period - Snap shot by Alex Plante.
8:03 of 2nd period - Stopped by Thomas Greiss without a rebound.
8:04 of 2nd period - Logan MacMillan wins face-off versus Dominik Simon in River Frogs zone.
8:07 of 2nd period - Wrist shot by Logan MacMillan.
8:07 of 2nd period - Stopped by Thomas Greiss without a rebound.
8:08 of 2nd period - Dominik Simon wins face-off versus Emil Pettersson in River Frogs zone.
8:17 of 2nd period - Wrist shot by Emerson Etem.
8:17 of 2nd period - Stopped by Chet Pickard without a rebound.
8:18 of 2nd period - Corban Knight wins face-off versus Dominik Simon in Ice Dragons zone.
8:33 of 2nd period - Wrist shot by Corban Knight.
8:33 of 2nd period - Stopped by Thomas Greiss without a rebound.
8:34 of 2nd period - Jared Knight wins face-off versus Sam Carrick in River Frogs zone.
8:38 of 2nd period - Icing by Matt Calvert.
8:39 of 2nd period - Jared Knight wins face-off versus Sam Carrick in River Frogs zone.
9:10 of 2nd period - Snap shot by Emerson Etem.
9:10 of 2nd period - Shot Misses the Net.
9:56 of 2nd period - Slapshot by Zach Trotman.
9:56 of 2nd period - Stopped by Thomas Greiss with a rebound.
10:20 of 2nd period - Slapshot by Matt Calvert.
10:20 of 2nd period - Shot Misses the Net.
10:27 of 2nd period - Icing by Billy Sweat.
10:28 of 2nd period - Dominik Simon wins face-off versus Corban Knight in Ice Dragons zone.
11:02 of 2nd period - Wrist shot by Billy Sweat.
11:02 of 2nd period - Deflect By Justin Shugg.
11:02 of 2nd period - Shot Misses the Net.
11:02 of 2nd period - Puck is out of play.
11:03 of 2nd period - Dominik Simon wins face-off versus Corban Knight in River Frogs zone.
11:30 of 2nd period - Icing by Shea Theodore.
11:31 of 2nd period - Sam Carrick wins face-off versus Jared Knight in River Frogs zone.
11:32 of 2nd period - Slapshot by Billy Sweat.
11:32 of 2nd period - Stopped by Thomas Greiss with a rebound.
11:42 of 2nd period - Wrist shot by Sam Carrick.
11:42 of 2nd period - Shot Misses the Net.
12:27 of 2nd period - Icing by Ryan Fitzgerald.
12:28 of 2nd period - Corban Knight wins face-off versus Ryan Fitzgerald in River Frogs zone.
12:31 of 2nd period - Wrist shot by Corban Knight.
12:31 of 2nd period - Shot Blocked by Nikita Zadorov.
12:39 of 2nd period - Snap shot by Jordan LaVallee.
12:39 of 2nd period - Stopped by Thomas Greiss without a rebound.
12:40 of 2nd period - Corban Knight wins face-off versus Dominik Simon in River Frogs zone.
12:53 of 2nd period - Snap shot by Corban Knight.
12:53 of 2nd period - Shot Misses the Net.
13:05 of 2nd period - Snap shot by Sam Carrick.
13:05 of 2nd period - Shot Misses the Net.
13:07 of 2nd period - Snap shot by Justin Shugg.
13:07 of 2nd period - Shot Hit the Post.
14:07 of 2nd period - Snap shot by Kevin Connauton.
14:07 of 2nd period - Deflect By Corban Knight.
14:07 of 2nd period - Stopped by Thomas Greiss without a rebound.
14:08 of 2nd period - Corban Knight wins face-off versus Dominik Simon in River Frogs zone.
14:19 of 2nd period - Wrist shot by Corban Knight.
14:19 of 2nd period - Stopped by Thomas Greiss without a rebound.
14:20 of 2nd period - Dominik Simon wins face-off versus Corban Knight in River Frogs zone.
14:56 of 2nd period - Wrist shot by Billy Sweat.
14:56 of 2nd period - Stopped by Thomas Greiss with a rebound.
14:59 of 2nd period - Icing by Nikita Zadorov.
15:00 of 2nd period - Corban Knight wins face-off versus Jared Knight in River Frogs zone.
15:12 of 2nd period - Off-side.
15:13 of 2nd period - Corban Knight wins face-off versus Dominik Simon in neutral zone.
15:34 of 2nd period - Minor Penalty to Aaron Ness for Charging.
15:35 of 2nd period - Emerson Etem wins face-off versus Corban Knight in River Frogs zone.
15:50 of 2nd period - Wrist shot by Andrew Gordon.
15:50 of 2nd period - Shot Misses the Net.
16:28 of 2nd period - Justin Florek is hit by Jordan LaVallee and loses puck.
17:34 of 2nd period - Penalty to Aaron Ness is over, Aaron Ness is back on ice.
17:49 of 2nd period - Wrist shot by Logan MacMillan.
17:49 of 2nd period - Shot Misses the Net.
17:51 of 2nd period - Wrist shot by Logan MacMillan.
17:51 of 2nd period - Stopped by Thomas Greiss without a rebound.
17:52 of 2nd period - Jared Knight wins face-off versus Theodor Blueger in River Frogs zone.
18:07 of 2nd period - Slapshot by Matt Calvert.
18:07 of 2nd period - Shot Blocked by Jerome Gauthier-Leduc.
18:16 of 2nd period - Icing by William Carrier.
18:17 of 2nd period - Ryan Fitzgerald wins face-off versus Emil Pettersson in Ice Dragons zone.
18:45 of 2nd period - Snap shot by Logan MacMillan.
18:45 of 2nd period - Stopped by Thomas Greiss without a rebound.
18:46 of 2nd period - Jared Knight wins face-off versus Corban Knight in River Frogs zone.
18:46 of 2nd period - Minor Penalty to Timothy Kunes for Roughing.
18:47 of 2nd period - Emerson Etem wins face-off versus Brandon Kozun in River Frogs zone.
19:01 of 2nd period - Wrist shot by Jordan LaVallee.
19:01 of 2nd period - Stopped by Thomas Greiss without a rebound.
19:02 of 2nd period - Emerson Etem wins face-off versus Corban Knight in River Frogs zone.
19:15 of 2nd period - Wrist shot by Corban Knight.
19:15 of 2nd period - Shot Blocked by Nikita Zadorov.
19:17 of 2nd period - Slapshot by Kevin Connauton.
19:17 of 2nd period - Stopped by Thomas Greiss without a rebound.
19:18 of 2nd period - Sam Carrick wins face-off versus Emerson Etem in River Frogs zone.
19:29 of 2nd period - Snap shot by Billy Sweat.
19:29 of 2nd period - Shot Misses the Net.
19:31 of 2nd period - Snap shot by Sam Carrick.
19:31 of 2nd period - Shot Blocked by Nikita Zadorov.
19:33 of 2nd period - Slapshot by Kevin Connauton.
19:33 of 2nd period - Deflect By Nikita Zadorov.
19:33 of 2nd period - Stopped by Thomas Greiss with a rebound.
19:44 of 2nd period - Icing by Zach Trotman.
19:45 of 2nd period - Matt Calvert wins face-off versus Corban Knight in Ice Dragons zone.
19:46 of 2nd period - Wrist shot by Justin Florek.
19:46 of 2nd period - Stopped by Chet Pickard without a rebound.
19:47 of 2nd period - Matt Calvert wins face-off versus Corban Knight in Ice Dragons zone.
19:58 of 2nd period - Snap shot by Jordan LaVallee.
19:58 of 2nd period - Stopped by Thomas Greiss with a rebound.
Goals for this period are 0 for Ice Dragons vs 0 for River Frogs.
Shots for this period are 17 for Ice Dragons vs 7 for River Frogs.
3rd period
0:01 of 3rd period - Corban Knight wins face-off versus Emerson Etem in neutral zone.
0:10 of 3rd period - Snap shot by Corban Knight.
0:10 of 3rd period - Goal by Corban Knight - Ice Dragons : 4 - River Frogs : 1.
0:11 of 3rd period - Corban Knight wins face-off versus Dominik Simon in neutral zone.
0:54 of 3rd period - Minor Penalty to Andrew Gordon for Holding.
0:55 of 3rd period - Emerson Etem wins face-off versus Corban Knight in River Frogs zone.
1:12 of 3rd period - Slapshot by Kevin Connauton.
1:12 of 3rd period - Shot Misses the Net.
1:14 of 3rd period - Wrist shot by Sam Carrick.
1:14 of 3rd period - Shot Misses the Net.
1:16 of 3rd period - Wrist shot by Justin Shugg.
1:16 of 3rd period - Shot Hit the Post.
1:18 of 3rd period - Slapshot by Kevin Connauton.
1:18 of 3rd period - Deflect By Sam Carrick.
1:18 of 3rd period - Shot Misses the Net.
1:18 of 3rd period - Puck is out of play.
1:19 of 3rd period - Corban Knight wins face-off versus Emerson Etem in River Frogs zone.
1:32 of 3rd period - Wrist shot by Jordan LaVallee.
1:32 of 3rd period - Shot Hit the Post.
1:34 of 3rd period - Wrist shot by Jordan LaVallee.
1:34 of 3rd period - Goal by Jordan LaVallee - Ice Dragons : 5 - River Frogs : 1.
1:35 of 3rd period - Jared Knight wins face-off versus Corban Knight in neutral zone.
1:37 of 3rd period - Timothy Kunes is hit by Kevin Connauton and loses puck.
1:40 of 3rd period - Snap shot by Nikita Zadorov.
1:40 of 3rd period - Stopped by Chet Pickard with a rebound.
2:00 of 3rd period - Sam Carrick is hit by Ryan Fitzgerald.
2:40 of 3rd period - Wrist shot by Jordan LaVallee.
2:40 of 3rd period - Shot Misses the Net.
2:42 of 3rd period - Snap shot by David Shields.
2:42 of 3rd period - Stopped by Thomas Greiss without a rebound.
2:43 of 3rd period - Corban Knight wins face-off versus Austin Watson in River Frogs zone.
3:14 of 3rd period - Snap shot by Andrew Gordon.
3:14 of 3rd period - Shot Blocked by Justin Shugg.
3:20 of 3rd period - Wrist shot by Emerson Etem.
3:20 of 3rd period - Deflect By Billy Sweat.
3:20 of 3rd period - Goal by Emerson Etem - Ice Dragons : 5 - River Frogs : 2.
3:21 of 3rd period - Dominik Simon wins face-off versus Corban Knight in neutral zone.
3:36 of 3rd period - Snap shot by Emerson Etem.
3:36 of 3rd period - Stopped by Chet Pickard with a rebound.
4:25 of 3rd period - Kevin Connauton is hit by Austin Watson and loses puck.
5:19 of 3rd period - Kevin Connauton is hit by Jared Knight and loses puck.
5:35 of 3rd period - Snap shot by Jared Knight.
5:35 of 3rd period - Stopped by Chet Pickard without a rebound.
5:36 of 3rd period - Corban Knight wins face-off versus Dominik Simon in Ice Dragons zone.
5:46 of 3rd period - Slapshot by Brandon Kozun.
5:46 of 3rd period - Stopped by Thomas Greiss without a rebound.
5:47 of 3rd period - Corban Knight wins face-off versus Dominik Simon in River Frogs zone.
7:39 of 3rd period - Wrist shot by Brandon Kozun.
7:39 of 3rd period - Shot Blocked by Ondrej Kase.
7:47 of 3rd period - Slapshot by Morgan Rielly.
7:47 of 3rd period - Stopped by Chet Pickard with a rebound.
7:49 of 3rd period - Slapshot by Shea Theodore.
7:49 of 3rd period - Stopped by Chet Pickard without a rebound.
7:50 of 3rd period - Sam Carrick wins face-off versus Ryan Fitzgerald in Ice Dragons zone.
8:01 of 3rd period - Snap shot by Billy Sweat.
8:01 of 3rd period - Goal by Billy Sweat - Ice Dragons : 6 - River Frogs : 2.
8:02 of 3rd period - Corban Knight wins face-off versus Dominik Simon in neutral zone.
8:53 of 3rd period - Emil Pettersson is hit by David Kolomatis and loses puck.
9:10 of 3rd period - Wrist shot by Bobby Farnham.
9:10 of 3rd period - Shot Hit the Post.
9:42 of 3rd period - Corban Knight is hit by Timothy Kunes and loses puck.
10:48 of 3rd period - Slapshot by William Carrier.
10:48 of 3rd period - Shot Misses the Net.
11:02 of 3rd period - Wrist shot by Jared Knight.
11:02 of 3rd period - Stopped by Chet Pickard with a rebound.
11:04 of 3rd period - Snap shot by David Kolomatis.
11:04 of 3rd period - Deflect By Jared Knight.
11:04 of 3rd period - Shot Misses the Net.
11:04 of 3rd period - Puck is out of play.
11:05 of 3rd period - Corban Knight wins face-off versus Dominik Simon in Ice Dragons zone.
11:09 of 3rd period - Off-side.
11:10 of 3rd period - Corban Knight wins face-off versus Dominik Simon in neutral zone.
11:12 of 3rd period - Minor Penalty to Alex Plante for Goalie Interference.
11:13 of 3rd period - Dominik Simon wins face-off versus Corban Knight in Ice Dragons zone.
11:39 of 3rd period - Nikita Zadorov is hit by Kevin Connauton.
11:47 of 3rd period - Wrist shot by Jared Knight.
11:47 of 3rd period - Deflect By Ondrej Kase.
11:47 of 3rd period - Shot Blocked by Sam Carrick.
11:47 of 3rd period - Puck is out of play.
11:48 of 3rd period - Sam Carrick wins face-off versus Dominik Simon in Ice Dragons zone.
12:03 of 3rd period - Wrist shot by Emerson Etem.
12:03 of 3rd period - Deflect By Andrew Gordon.
12:03 of 3rd period - Shot Blocked by Kevin Connauton.
12:03 of 3rd period - Puck is out of play.
12:04 of 3rd period - Andrew Gordon wins face-off versus Corban Knight in Ice Dragons zone.
12:19 of 3rd period - Emerson Etem is hit by Jordan LaVallee and loses puck.
13:00 of 3rd period - Snap shot by Sam Carrick.
13:00 of 3rd period - Shot Misses the Net.
13:12 of 3rd period - Penalty to Alex Plante is over, Alex Plante is back on ice.
13:49 of 3rd period - Wrist shot by Shea Theodore.
13:49 of 3rd period - Stopped by Chet Pickard without a rebound.
13:50 of 3rd period - Emil Pettersson wins face-off versus Maxim Mamin in Ice Dragons zone.
13:57 of 3rd period - Zach Trotman is hit by Timothy Kunes and loses puck.
14:04 of 3rd period - Wrist shot by Austin Watson.
14:04 of 3rd period - Shot Misses the Net.
14:06 of 3rd period - Wrist shot by Nikita Zadorov.
14:06 of 3rd period - Deflect By Mitch Marner.
14:06 of 3rd period - Stopped by Chet Pickard without a rebound.
14:07 of 3rd period - Corban Knight wins face-off versus Dominik Simon in Ice Dragons zone.
14:07 of 3rd period - Corban Knight is hit by Andrew Gordon.
14:23 of 3rd period - Minor Penalty to Timothy Kunes for Holding Stick.
14:24 of 3rd period - Emerson Etem wins face-off versus Corban Knight in River Frogs zone.
14:54 of 3rd period - Justin Shugg is hit by Nikita Zadorov and loses puck.
15:19 of 3rd period - Snap shot by Kevin Connauton.
15:19 of 3rd period - Deflect By Sam Carrick.
15:19 of 3rd period - Stopped by Thomas Greiss without a rebound.
15:20 of 3rd period - Matt Calvert wins face-off versus Corban Knight in River Frogs zone.
16:23 of 3rd period - Penalty to Timothy Kunes is over, Timothy Kunes is back on ice.
16:32 of 3rd period - Emil Pettersson is hit by Austin Watson and loses puck.
16:55 of 3rd period - Off-side.
16:56 of 3rd period - Theodor Blueger wins face-off versus Jared Knight in neutral zone.
17:19 of 3rd period - Wrist shot by Ondrej Kase.
17:19 of 3rd period - Shot Misses the Net.
17:21 of 3rd period - Wrist shot by Matt Calvert.
17:21 of 3rd period - Shot Misses the Net.
17:23 of 3rd period - Snap shot by Jared Knight.
17:23 of 3rd period - Shot Misses the Net.
17:25 of 3rd period - Snap shot by Jared Knight.
17:25 of 3rd period - Shot Misses the Net.
17:29 of 3rd period - Snap shot by Ondrej Kase.
17:29 of 3rd period - Stopped by Chet Pickard with a rebound.
17:31 of 3rd period - Wrist shot by Jared Knight.
17:31 of 3rd period - Deflect By Jordan LaVallee.
17:31 of 3rd period - Goal by Jared Knight - Ice Dragons : 6 - River Frogs : 3.
17:32 of 3rd period - Corban Knight wins face-off versus Dominik Simon in neutral zone.
17:34 of 3rd period - Minor Penalty to Corban Knight for Hooking.
17:35 of 3rd period - Emil Pettersson wins face-off versus Dominik Simon in Ice Dragons zone.
17:35 of 3rd period - Emil Pettersson is hit by Emerson Etem.
18:08 of 3rd period - Slapshot by Ondrej Kase.
18:08 of 3rd period - Stopped by Chet Pickard with a rebound.
18:22 of 3rd period - Slapshot by Jordan LaVallee.
18:22 of 3rd period - Shot Blocked by Shea Theodore.
19:10 of 3rd period - Alex Plante is hit by Dominik Simon and loses puck.
19:34 of 3rd period - Penalty to Corban Knight is over, Corban Knight is back on ice.
19:37 of 3rd period - Logan MacMillan is hit by Matt Calvert.
Goals for this period are 3 for Ice Dragons vs 2 for River Frogs.
Shots for this period are 6 for Ice Dragons vs 12 for River Frogs.